 Dungeon Sprint DCSS version 0.30-a0-6-g7c9e10e132 (webtiles) character file.

Game seed: 941093130662003627

13753 NinjaNoafa the Severer (level 12, -19/108 HPs)
             Began as a Formicid Fighter on Aug 22, 2022.
             Was the Champion of Okawaru.
             Killed from afar by a frost giant (32 damage)
             ... with a bolt of cold
             ... in the Dungeon (Sprint V: "Ziggurat Sprint").
             The game lasted 00:11:13 (1474 turns).

NinjaNoafa the Severer (Formicid Fighter)           Turns: 1474, Time: 00:11:16

Health: -19/108    AC: 33    Str: 35    XL:     12   Next: 36%
Magic:  14/21      EV: 10    Int: 15    God:    Okawaru [******]
Gold:   0          SH: 28    Dex: 15    Spells: 11/11 levels left

rFire   + . .      SeeInvis +    B - +14 obsidian axe {vorpal, Mesm Drain Fly SInv}
rCold   . . .      Faith    .    P - +7 tower shield of the Earth {Int+3 Stlth+}
rNeg    . . .      Spirit   .    C - +15 Maxwell's patent armour {-Cast -Tele rElec Will+ rCorr}
rPois   .          Reflect  .    (helmet unavailable)
rElec   +          Harm     .    (no cloak)
rCorr   +          Rampage  .    (no gloves)
Will    +++..      NoCast   +    (no boots)
Stlth   ..........               (no amulet)
HPRegen 0.28/turn                A - ring of Liuth {rF+ Str+6}
MPRegen 0.17/turn                k - ring of Cimeim {Will+ Str+5 Int+4}

@: heroic, finesse-ful, flying, mesmerised, studying 4 skills
A: permanent stasis, dig shafts and tunnels, antennae 3, four strong arms
a: Dig, Renounce Religion, Heroism, Finesse


You were in the Dungeon.
You worshipped Okawaru.
Okawaru was exalted by your worship.
You visited 1 branch

Inventory:

Hand Weapons
 B - the +14 obsidian axe (weapon) {vorpal, Mesm Drain Fly SInv}
   (You found it in the Dungeon)

   It inflicts extra damage upon your enemies.
   It occasionally summons demons to assist the wielder when it strikes in
   combat.
   Its wielder is mesmerised by any visible foes.
   It cannot be unequipped while any foes are visible.
   SInv:      It lets you see invisible.
   Fly:       It grants you flight.
   Drain:     It drains your maximum health when unequipped.
Armour
 c - a +0 buckler
 C - the +15 Maxwell's patent armour (worn) {-Cast -Tele rElec Will+ rCorr}
   (You found it in the Dungeon)

   rElec:     It insulates you from electricity.
   -Cast:     It prevents spellcasting.
   -Tele:     It prevents most forms of teleportation.
   rCorr:     It protects you from acid and corrosion.
   Will:      It increases your willpower.
 P - the +7 tower shield of the Earth (worn) {Int+3 Stlth+}
   (Okawaru gifted it to you in the Dungeon)

   Int:       It affects your intelligence (+3).
   Stlth:     It makes you more stealthy.
Jewellery
 a - a ring of poison resistance
 b - the ring of Reucse {rC+ Int+6}
   (You found it in the Dungeon)

   [ring of intelligence]

   Int:       It affects your intelligence (+6).
   rC:        It protects you from cold.
 k - the ring of Cimeim (right hand) {Will+ Str+5 Int+4}
   (You found it in the Dungeon)

   [ring of willpower]

   Str:       It affects your strength (+5).
   Int:       It affects your intelligence (+4).
   Will:      It increases your willpower.
 p - a ring of flight
 q - a +6 ring of dexterity
 r - a +6 ring of dexterity
 s - a +6 ring of intelligence
 t - a +6 ring of intelligence
 u - a +6 ring of strength
 v - a +6 ring of strength
 A - the ring of Liuth (left hand) {rF+ Str+6}
   (You found it in the Dungeon)

   [ring of strength]

   Str:       It affects your strength (+6).
   rF:        It protects you from fire.
 D - a +6 ring of dexterity
 E - a ring of ice
 F - the ring "Xuapn" {rC+ Will+ Stlth+}
   (You found it in the Dungeon)

   [ring of protection from cold]

   rC:        It protects you from cold.
   Will:      It increases your willpower.
   Stlth:     It makes you more stealthy.
 H - an amulet of the acrobat
 L - a +4 ring of evasion
 O - a ring of ice
Wands
 x - a wand of mindburst (7)
 y - a wand of iceblast (7)
 z - a wand of acid (7)
Scrolls
 l - 4 scrolls of amnesia
 m - 7 scrolls of fog
 n - 5 scrolls of identify
 o - 2 scrolls of fear
 K - 2 scrolls of brand weapon
Potions
 d - 3 potions of might
 e - 7 potions of curing
 g - 7 potions of magic
 h - 2 potions of brilliance
 i - 2 potions of invisibility
 j - 2 potions of resistance
Miscellaneous
 w - a lightning rod (4/4)
 G - a condenser vane
 I - a phantom mirror
 J - a phantom mirror
 M - a piece from Xom's chessboard (15/15)
 N - a box of beasts
 Q - a piece from Xom's chessboard (15/15)


   Skills:
 + Level 14.3(19.3) Fighting
 + Level 18.4(23.4) Axes
 + Level 13.9(18.9) Armour
 + Level 14.7(19.7) Shields
 - Level 12.7 Invocations
 + Level 7.2 Evocations


You had 11 spell levels left.
You didn't know any spells.
Your spell library contained the following spells:

 Spells                   Type           Power      Damage    Failure   Level
 Foxfire                  Conj/Fire      0%         2x1d4     87%         1
 Shock                    Conj/Air       0%         1d3       87%         1
 Slow                     Hex            0%         N/A       87%         1
 Scorch                   Fire           0%         2d5       95%         2
 Static Discharge         Conj/Air       0%         3-3/arc   95%         2
 Confusing Touch          Hex            0%         N/A       99%         3
 Conjure Flame            Conj/Fire      0%         6-21      99%         3
 Gell's Gravitas          Tloc           0%         N/A       99%         3
 Inner Flame              Hex/Fire       0%         N/A       99%         3
 Lesser Beckoning         Tloc           0%         N/A       99%         3
 Teleport Other           Tloc           0%         N/A       99%         3
 Vampiric Draining        Necr           0%         2d6       99%         3
 Flame Wave               Conj/Fire      0%         2d4       100%        4
 Blade Hands              Tmut           0%         N/A       100%        5
 Fireball                 Conj/Fire      0%         3d3       100%        5
 Irradiate                Conj/Tmut      0%         3d11      100%        5
 Metabolic Englaciation   Hex/Ice        0%         N/A       100%        5
 Starburst                Conj/Fire      0%         6d3       100%        6
 Dragon Form              Tmut           0%         N/A       100%        7
 Ignition                 Fire           0%         3d3       100%        8
 Tukima's Dance           Hex            Unusable   N/A       N/A         3
 Summon Cactus Giant      Summ           Unusable   N/A       N/A         6

Dungeon Overview and Level Annotations

Branches:
Dungeon (1/1)

Altars:
Ashenzari
Cheibriados
Dithmenos
Elyvilon
Fedhas
Gozag
Hepliaklqana
Kikubaaqudgha
Makhleb
Nemelex Xobeh
Okawaru
Qazlal
Ru
Sif Muna
Trog
Uskayaw
Vehumet
Wu Jian
Xom
Yredelemnul
Zin
The Shining One
Jiyva
Lugonu


Innate Abilities, Weirdness & Mutations

You cannot be hasted, slowed, berserked, paralysed or teleported.
You can dig through walls and to a lower floor.
You have a pair of large antennae on your head. (SInv)
Your four strong arms can wield two-handed weapons with a shield.


Message History

You slash the bat simulacrum!
The bat simulacrum vaporises!
You slash the ball python simulacrum!
The ball python simulacrum vaporises!
The tormentor is engulfed in freezing vapours.
You hit the nargun.
The nargun is severely damaged.
The frost giant is engulfed in freezing vapours.
You block the nargun's attack. x2
Unknown command.
You slice the nargun!!
The nargun is almost destroyed.
You completely miss the nargun.
Visions of slaying the nargun flood into your mind.
The tormentor is engulfed in freezing vapours.
You kill the tormentor!
Okawaru accepts your kill.
The hellion is engulfed in freezing vapours.
You kill the hellion!
Okawaru accepts your kill.
Your piece from Xom's chessboard (15/15) has regained two charges.
Your Fighting skill increases to level 14!
You slash the nargun!
You destroy the nargun!
Okawaru is honoured by your kill.
You slash the nargun!
Your condenser vane has recharged.
Your Evocations skill increases to level 7!
Okay, then.
Unknown command.
You gain the combat prowess of a mighty hero.
You block the nargun's attack. x2
You hit the nargun but do no damage.
The nargun is lightly damaged.
You slice the ball python simulacrum!!
The ball python simulacrum vaporises!
The frost giant is engulfed in freezing vapours.
The frost giant gestures at you while chanting.
The bolt of cold hits you!!
You die...

▓~..8©8~..▓.
▓..}):?:..▓.~~~~:~~~▓.
▓..)§§§§§.▓~.~)[[÷~.▓.
▓.§§§§§§§.▓...~.~~~.▓.
▓.§§§☼§§§.▓...).÷).~▓.
▓.§§§§§§..▓....~)~..▓.
▓.§§§CZ§..▓~.~~(..~.▓.
▓.§▓9§§▓..▓.~..÷.~~~▓.
▓..§§@§§..▓.▓.~~÷~▓.▓.
▓....©....▓....©..~.▓▓
▓▓▓▓▓▓▓▓▓▓▓▓▓▓▓▓▓▓▓▓▓


{{{{{{{{ { {{{{{{{{{{ {{{{{{{{{{ {{{{{{{{{{ {{{{{{{{{{ {{{{{{{{{{ {{{{{ You
could see a frost giant, a nargun (mesmerising) and a quokka simulacrum.

Vanquished Creatures
  A nargun (D)
  A vault warden (D)
  An ironbound preserver (D)
  A mummy priest (D)
  A merfolk impaler (D)
  A merfolk javelineer (D)
  4 vault guards (D)
  2 merfolk avatars (D)
  A sea snake (D)
  A harpy (D)
  A wolf spider (D)
  A cyclops (D)
  An eye of devastation (D)
  A merfolk siren (D)
  A hellion (D)
  A tormentor (D)
  2 yaktaurs (D)
  2 tarantellas (D)
  A jumping spider (D)
  A water elemental (D)
  A yak (D)
  A redback (D)
  A floating eye (D)
  2 phantoms (D)
  2 scorpions (D)
  3 necrophages (D)
  2 wights (D)
  5 jellies (D)
  3 mummies (D)
  A river rat (D)
  2 white imps (D)
  An adder zombie (D)
  An adder skeleton (D)
  2 adder simulacra (D)
  2 bat skeletons (D)
  2 bat zombies (D)
  3 endoplasms (D)
  2 ball python simulacra (D)
  2 ball python skeletons (D)
  A ball python zombie (D)
  2 bat simulacra (D)
  A giant cockroach zombie (D)
  A jackal skeleton (D)
  A jackal zombie (D)
  A quokka skeleton (D)
71 creatures vanquished.

Vanquished Creatures (others)
  A wind drake (D)
1 creature vanquished.

Grand Total: 72 creatures vanquished

Notes
Turn   | Place    | Note
-------+----------+-------------------------------------------
     0 | D        | NinjaNoafa the Formicid Fighter began the quest for the
                  | Orb.
     0 | D        | Reached XP level 1. HP: 18/18 MP: 1/1
     0 | D        | Found a shimmering blue altar of Sif Muna.
     0 | D        | Found a sacrificial altar of Ru.
     0 | D        | Found a bloodstained altar of Trog.
     0 | D        | Found a stormy altar of Qazlal.
     0 | D        | Found an iron altar of Okawaru.
     0 | D        | Found a sparkling altar of Nemelex Xobeh.
     0 | D        | Found a blossoming altar of Fedhas.
     0 | D        | Found the +6 Majin-Bo {vamp, MP+6 Int+6}
     0 | D        | Found the +9 heavy crossbow "Sniper" {vorpal, Acc+∞ SInv}
     0 | D        | Found the +10 dark maul {vorpal}
     0 | D        | Found the +15 Maxwell's patent armour {-Cast -Tele rElec
                  | Will+ rCorr}
     0 | D        | Found the +18 shield of the Gong {rElec rN+ Will+ EV-5}
     0 | D        | Found the +14 obsidian axe {vorpal, Mesm Drain Fly SInv}
     0 | D        | Found the +7 great mace "Firestarter" {inner flame, rF++}
     0 | D        | Found the +6 shillelagh "Devastator" {shatter}
     0 | D        | Found the +11 plutonium sword {Contam Stlth-}
     0 | D        | Found the +8 lance "Wyrmbane" {slay drac, rPois rF+ rC+
                  | AC+3}
     0 | D        | Found the +9 sword of Zonguldrok {reap}
     0 | D        | Found the +13 scythe of Curses {drain, Drain}
     0 | D        | Found the +5 sword of Power {vorpal}
     0 | D        | Found the +7 mace of Variability {chain chaos}
     0 | D        | Found the +7 Singing Sword {vorpal, sonic wave}
     0 | D        | Found the +8 storm bow {elec, penet}
     2 | D        | Found a transporter.
     2 | D        | Found an ancient bone altar of Kikubaaqudgha.
     2 | D        | Found a viscous altar of Jiyva.
     2 | D        | Found a corrupted altar of Lugonu.
     2 | D        | Found a hazy altar of Hepliaklqana.
     2 | D        | Found a burning altar of Makhleb.
     2 | D        | Found an opulent altar of Gozag.
   115 | D        | Became a worshipper of Warmaster Okawaru
   123 | D        | Entered arena 2.
   123 | D        | Noticed a yak
   123 | D        | Found a transporter.
   127 | D        | Killed a yak
   127 | D        | Reached * piety under Okawaru
   127 | D        | Reached ** piety under Okawaru
   128 | D        | Reached skill level 4 in Axes
   128 | D        | Reached XP level 2. HP: 19/31 MP: 2/2
   128 | D        | Reached XP level 3. HP: 23/36 MP: 3/3
   128 | D        | Reached XP level 4. HP: 27/43 MP: 4/4
   128 | D        | Reached XP level 5. HP: 30/48 MP: 5/5
   244 | D        | Entered arena 3.
   244 | D        | Found a transporter.
   254 | D        | Entered arena 4.
   254 | D        | Found a transporter.
   258 | D        | Reached *** piety under Okawaru
   259 | D        | Reached skill level 5 in Axes
   259 | D        | Reached XP level 6. HP: 31/56 MP: 6/6
   268 | D        | Got the ring of Reucse {rC+ Int+6}
   270 | D        | Got the ring of Liuth {rF+ Str+6}
   273 | D        | Entered arena 5.
   273 | D        | Noticed a floating eye
   273 | D        | Found a transporter.
   278 | D        | Reached skill level 6 in Axes
   279 | D        | Killed a floating eye
   280 | D        | Reached skill level 10 in Shields
   280 | D        | Reached XP level 7. HP: 35/64 MP: 4/7
   426 | D        | Entered arena 6.
   426 | D        | Found the dreamshard necklace {*Dream Drain}
   426 | D        | Noticed a mummy priest
   426 | D        | Found a transporter.
   431 | D        | Noticed a smoke demon
   431 | D        | Noticed a hellwing
   432 | D        | Reached skill level 7 in Axes
   432 | D        | Reached skill level 10 in Fighting
   432 | D        | Reached skill level 8 in Axes
   432 | D        | Reached skill level 10 in Armour
   432 | D        | Reached XP level 8. HP: 32/73 MP: 8/8
   439 | D        | Killed a mummy priest
   439 | D        | Reached **** piety under Okawaru
   440 | D        | Reached skill level 11 in Axes
   440 | D        | Reached XP level 9. HP: 11/81 MP: 9/9
   755 | D        | Entered arena 7.
   756 | D        | Found a transporter.
   760 | D        | Reached skill level 12 in Axes
   766 | D        | Received a gift from Okawaru
   781 | D        | Entered arena 8.
   781 | D        | Noticed an eye of devastation
   782 | D        | Found a transporter.
   789 | D        | Killed an eye of devastation
   790 | D        | Reached skill level 13 in Axes
   805 | D        | Entered arena 9.
   805 | D        | Noticed a tarantella
   805 | D        | Noticed a wolf spider
   805 | D        | Noticed a tarantella
   806 | D        | Found a transporter.
   822 | D        | Killed a tarantella
   822 | D        | Killed a tarantella
   823 | D        | Reached ***** piety under Okawaru
   824 | D        | Reached XP level 10. HP: 9/87 MP: 11/18
   825 | D        | Killed a wolf spider
   830 | D        | Got the ring of Cimeim {Will+ Str+5 Int+4}
   874 | D        | Got the ring "Xuapn" {rC+ Will+ Stlth+}
   886 | D        | Entered arena 10.
   886 | D        | Noticed a yaktaur
   886 | D        | Noticed a vault guard
   886 | D        | Noticed a yaktaur
   886 | D        | Noticed a vault warden
   886 | D        | Noticed a vault guard
   886 | D        | Noticed an ironbound preserver
   886 | D        | Noticed a vault guard
   886 | D        | Noticed a vault guard
   887 | D        | Found a transporter.
   892 | D        | Killed an ironbound preserver
   893 | D        | Reached skill level 1 in Evocations
   893 | D        | Killed a yaktaur
   894 | D        | Reached skill level 14 in Axes
   894 | D        | Killed a yaktaur
   896 | D        | Killed a vault guard
   897 | D        | Killed a vault guard
   897 | D        | Killed a vault warden
   897 | D        | Identified the +1 war axe "Lenkyc Var" {vorpal, Int+9}
                  | (Okawaru gifted it to you in the Dungeon)
   897 | D        | Received a gift from Okawaru
   897 | D        | Reached ****** piety under Okawaru
   898 | D        | Reached skill level 15 in Axes
   898 | D        | Reached XP level 11. HP: 34/95 MP: 20/20
   898 | D        | Killed a vault guard
   899 | D        | Reached skill level 16 in Axes
   900 | D        | Killed a vault guard
  1155 | D        | Entered arena 11.
  1156 | D        | Found a transporter.
  1195 | D        | Entered arena 12.
  1195 | D        | Noticed a cyclops
  1195 | D        | Noticed a sea snake
  1195 | D        | Noticed a merfolk impaler
  1195 | D        | Noticed a merfolk siren
  1195 | D        | Noticed a merfolk avatar
  1195 | D        | Noticed a merfolk avatar
  1195 | D        | Noticed a merfolk javelineer
  1196 | D        | Noticed a harpy
  1203 | D        | Killed a sea snake
  1209 | D        | Killed a harpy
  1210 | D        | Reached skill level 17 in Axes
  1210 | D        | Found a transporter.
  1212 | D        | Killed a merfolk siren
  1212 | D        | Identified the +7 tower shield of the Earth {Int+3 Stlth+}
                  | (Okawaru gifted it to you in the Dungeon)
  1212 | D        | Received a gift from Okawaru
  1213 | D        | Killed a cyclops
  1215 | D        | Reached skill level 5 in Evocations
  1218 | D        | Killed a merfolk avatar
  1220 | D        | Killed a merfolk javelineer
  1220 | D        | Killed a merfolk impaler
  1221 | D        | Reached XP level 12. HP: 42/106 MP: 17/21
  1227 | D        | Killed a merfolk avatar
  1228 | D        | Reached skill level 18 in Axes
  1449 | D        | Got the Precepts of Vexing Breath
  1460 | D        | Entered arena 13.
  1460 | D        | Noticed a nargun
  1460 | D        | Noticed a nargun
  1461 | D        | Noticed a frost giant
  1472 | D        | Killed a nargun
  1474 | D        | Killed from afar by a frost giant

Illustrated notes

Levels and vault maps discovered:
D:        sprint_v [room_start, room_1, room_2, room_3, room_4, room_5, room_6,
          room_7, room_8, room_9, room_10, room_11, room_12, room_13, room_14,
          room_15, room_16, room_17, room_18, room_19, room_20, room_21,
          room_22, room_23, room_24, room_25, room_26, room_27]

Skill      XL: |  1  2  3  4  5  6  7  8  9 10 11 12 |
---------------+-------------------------------------+-----
Fighting       | 7 9 10 11 12 13 14 | 14.3
Axes           | 4 5 6 8 11 13 15 17 18 | 18.4
Armour         | 6 7 8 10 11 13 | 13.9
Shields        | 7 8 10 11 12 14 | 14.7
Invocations    | 11 12 | 12.7
Evocations     | 3 6 7 |  7.2

Action                   |  1- 3 |  4- 6 |  7- 9 | 10-12 || total
-------------------------+-------+-------+-------+-------++-------
Melee: Broad axe         |     2 |    11 |    25 |    32 ||    70
Invok: Heroism           |       |     1 |     1 |     1 ||     3
       Finesse           |       |       |       |     2 ||     2
 Abil: Dig               |       |       |       |     1 ||     1
Evoke: Lightning rod     |       |       |       |     8 ||     8
       Condenser vane    |       |       |       |     3 ||     3
       Piece from Xom's  |       |       |       |     2 ||     2
  Use: Potion            |       |       |    10 |     9 ||    19
       Scroll            |       |       |     1 |       ||     1
Armor: Plate armour      |     1 |     9 |    90 |    55 ||   155
Dodge: Dodged            |       |     4 |    34 |    17 ||    55
Block: Buckler           |       |     3 |    16 |    21 ||    40
       Tower shield      |       |       |       |    15 ||    15

Table legend: (Time is in decaauts)
 A = Elapsed time spent in this place.
 B = Non-inter-level travel time spent in this place.
 C = Inter-level travel time spent in this place.
 D = Time resting spent in this place.
 E = Time spent auto-exploring this place.
 F = Levels seen in this place.
 G = Mean time per level.
                   A        B        C        D        E       F      G
               +--------+--------+--------+--------+--------+-----+--------+
         Total |   1462 |   1450 |     12 |    155 |    904 |   1 | 1462.0 |
       Dungeon |   1462 |   1450 |     12 |    155 |    904 |   1 | 1462.0 |
               +--------+--------+--------+--------+--------+-----+--------+

Top non-repeatable levels by time:
       D: 1462 daAuts
